 Dungeon Crawl Stone Soup version 0.29-a0-721-g7f417c9bbb (webtiles) character file.

Game seed: 11581557609629135655

2193 porpoise the Caller (level 9, -1/51 (56) HPs)
             Began as a Tengu Summoner on June 28, 2022.
             Was an Initiate of Yredelemnul.
             Slain by a gnoll sergeant
             ... wielding a +0 trident
              (6 damage)
             ... on level 7 of the Dungeon.
             The game lasted 00:35:25 (8193 turns).

porpoise the Caller (Tengu Summoner)                Turns: 8193, Time: 00:35:25

HP:   -1/51 (56)    AC:  5    Str: 16    XL:     9   Next: 33%
MP:   15/17         EV: 14    Int: 18    God:    Yredelemnul [......]
Gold: 279           SH:  0    Dex: 19    Spells: 4/18 levels left

rFire   . . .      SeeInvis +   a - +0 trident (freeze)
rCold   . . .      Faith    .   (no shield)
rNeg    . . .      Spirit   .   F - +1 leather armour "Voufam" {Will+ Dex+4}
rPois   .          Reflect  .   (helmet restricted)
rElec   .          Harm     .   m - +0 cloak
rCorr   .          Rampage  .   (no gloves)
Will    +....                   (boots unavailable)
Stlth   +++.......              (no amulet)
HPRegen 0.17/turn               t - +6 ring of strength
MPRegen 0.15/turn               h - ring of see invisible

@: flying quickly and evasively, drained, quick
A: beak, talons 3, nimble flight
a: Renounce Religion, Recall Undead Harvest


You were on level 7 of the Dungeon.
You worshipped Yredelemnul.
Yredelemnul was noncommittal.
You visited 2 branches of the dungeon, and saw 8 of its levels.

You collected 279 gold pieces.

Inventory:

Hand Weapons
 a - a +0 trident of freezing (weapon)
 b - a +0 arbalest
 s - a +4 whip of holy wrath
 w - a +0 dagger of electrocution
 y - a +0 shortbow
 C - a +0 sling
Missiles
 e - 3 throwing nets
Armour
 m - a +0 cloak (worn)
 D - an orb of light
 F - the +1 leather armour "Voufam" (worn) {Will+ Dex+4}
   (You found it on level 6 of the Dungeon)

   Dex:       It affects your dexterity (+4).
   Will:      It increases your willpower.
 H - a scarf of shadows
Jewellery
 h - a ring of see invisible (right hand)
 r - a ring of ice
 t - a +6 ring of strength (left hand)
Wands
 j - a wand of charming (10)
 v - a wand of mindburst (9)
Scrolls
 d - a scroll of blinking
 g - 2 scrolls of teleportation
 i - a scroll of fog
 o - a scroll of enchant armour {unknown}
 u - a scroll of poison {unknown}
 A - a scroll of silence {unknown}
 B - a scroll of torment {unknown}
 E - a scroll of enchant weapon {unknown}
 G - a scroll of fear {unknown}
Potions
 c - 2 potions of berserk rage
 f - 2 potions of cancellation
 k - a potion of magic
 n - 2 potions of might
 p - 3 potions of curing
 q - 2 potions of brilliance
 x - a potion of lignification
 z - a potion of haste


   Skills:
 + Level 6.8 Fighting
 - Level 2.0 Short Blades
 - Level 2.0 Maces & Flails
 - Level 2.0 Polearms
 - Level 2.1 Dodging
 - Level 4.0 Stealth
 - Level 5.0 Spellcasting
 - Level 7.3 Summonings
 + Level 4.5 Ice Magic
 + Level 0.1 Invocations


You had 4 spell levels left.
You knew the following spells:

 Your Spells              Type           Power      Damage    Failure   Level
a - Summon Small Mammal   Summ           100%       N/A       1%          1
b - Call Imp              Summ           31%        N/A       1%          2
c - Call Canine Familiar  Summ           31%        N/A       2%          3
d - Summon Ice Beast      Ice/Summ       25%        N/A       14%         4
r - Airstrike             Air            2%         N/A       85%         4

Your spell library contained the following spells:

 Spells                   Type           Power      Damage    Failure   Level
 Summon Guardian Golem    Hex/Summ       17%        N/A       11%         3
 Shock                    Conj/Air       16%        1d4       16%         1
 Summon Lightning Spire   Summ/Air       17%        N/A       34%         4
 Confusing Touch          Hex            4%         N/A       43%         3
 Gell's Gravitas          Tloc           4%         N/A       43%         3
 Lesser Beckoning         Tloc           4%         N/A       43%         3
 Swiftness                Air            4%         N/A       43%         3
 Teleport Other           Tloc           4%         N/A       43%         3
 Summon Mana Viper        Hex/Summ       17%        N/A       69%         5
 Yara's Violent Unravell  Hex/Tmut       2%         3d3       99%         5
 Enfeeble                 Hex            2%         N/A       100%        7
 Monstrous Menagerie      Summ           15%        N/A       100%        7


Dungeon Overview and Level Annotations

Branches:
Dungeon (7/15)             Temple (1/1) D:6

Altars:
Cheibriados
Dithmenos
Elyvilon
Fedhas
Makhleb
Nemelex Xobeh
Okawaru
Ru
Trog
Uskayaw
Vehumet
Wu Jian
Xom
Yredelemnul
The Shining One

Shops:
D:6 =[

Annotations:
D:2 Natasha


Innate Abilities, Weirdness & Mutations

You have a beak for a mouth.
You have claws for feet.
Your magical nature lets you fly swiftly and evasively.


Message History

You reach to attack!
You hit the gnoll sergeant. You freeze the gnoll sergeant.
The gnoll sergeant is almost dead.
The gnoll sergeant blocks your hound's attack.
The gnoll sergeant blocks your gnoll zombie's attack.
Your hound bites the gnoll sergeant but does no damage.
The gnoll sergeant blocks your attack.
You punch the gnoll sergeant, but do no damage.
The gnoll sergeant is almost dead.
Your hound bites the gnoll sergeant but does no damage.
Your gnoll zombie closely misses the gnoll sergeant.
The gnoll closely misses you. The gnoll sergeant blocks your attack.
You peck the gnoll sergeant, but do no damage.
The gnoll sergeant is almost dead.
The gnoll sergeant blocks your hound's attack.
The gnoll hits you from afar with a +0 spear.
* * * LOW HITPOINT WARNING * * *
The gnoll sergeant barely misses your hound.
The gnoll sergeant blocks your gnoll zombie's attack.
Your hound bites the gnoll sergeant but does no damage.
You catch the helpless gnoll sergeant completely off-guard!
You hit the gnoll sergeant but do no damage.
The gnoll sergeant blocks your attack.
The gnoll sergeant is almost dead.
The gnoll closely misses you.
The gnoll sergeant blocks your hound's attack.
The gnoll sergeant hits your hound with a +0 trident!
The gnoll sergeant blocks your gnoll zombie's attack.
The gnoll sergeant blocks your attack.
The gnoll sergeant is almost dead.
The gnoll sergeant blocks your hound's attack.
The gnoll hits you from afar with a +0 spear.
* * * LOW HITPOINT WARNING * * *
The gnoll sergeant hits you with a +0 trident.
* * * LOW HITPOINT WARNING * * *
Your hound bites the gnoll sergeant but does no damage.
Your gnoll zombie hits the gnoll sergeant but does no damage.
The gnoll sergeant hits you with a +0 trident.
You die...
Your body rises from the dead as a mindless zombie.

..##.# .....# # #.#
...### #.#.# ...# .#.###
...# ....### # # ...#
###.......#.# ...#######
##.....# .....
..<......###......#.....#
................@hgg....#
.........##.....gZ#.....#
...#.######.......# ....#
...#.# #.....### ####
...#.# ##....# ...#.#
##.#.# ...#.# ###.#
.....# #.# ..#...


You could see a gnoll sergeant (ally target), 2 gnolls, a friendly hound
(summoned) and a friendly gnoll zombie.

Vanquished Creatures
  A sky beast (D:6)
  A black bear (D:4)
  An ice beast (D:6)
  2 ogres (D:5)
  A necrophage (D:4)
  2 scorpions
  A quasit (D:6)
  A hound (D:5)
  Crazy Yiuf (D:2)
  A jelly (D:6)
  Natasha (D:2)
  An iguana (D:5)
  An orc wizard (D:6)
  8 adders
  8 gnolls
  3 shadow imps
  5 white imps (D:6)
  4 ufetubi (D:6)
  A worm (D:2)
  2 dart slugs (D:1)
  10 orcs
  4 bats
  4 endoplasms
  2 giant cockroaches (D:4)
  3 goblins
  5 hobgoblins
  6 jackals
  4 kobolds
  2 quokkas
  2 ball pythons
  2 frilled lizards
  A rat (D:6)
91 creatures vanquished.

Vanquished Creatures (collateral kills)
  Grinder (D:3)
  A wyvern (D:6)
  A wraith (D:6)
  A black bear (D:5)
  A quasit (D:6)
  3 hounds (D:5)
  A jelly (D:4)
  A gnoll shaman (D:6)
  Jessica (D:2)
  2 iguanas
  2 orc wizards
  10 gnolls
  An adder (D:5)
  5 shadow imps (D:6)
  3 ufetubi
  2 dart slugs
  4 orcs
  2 ball pythons (D:1)
  An endoplasm (D:4)
  3 goblins
  6 hobgoblins
  3 jackals (D:4)
  A kobold (D:2)
  A quokka (D:2)
  2 bats
  A frilled lizard (D:2)
  3 rats
63 creatures vanquished.

Vanquished Creatures (others)
  A gnoll zombie (D:7)
  4 demonic plants (D:6)
5 creatures vanquished.

Grand Total: 159 creatures vanquished

Notes
Turn   | Place    | Note
-------+----------+-------------------------------------------
     0 | D:1      | porpoise the Tengu Summoner began the quest for the Orb.
     0 | D:1      | Reached XP level 1. HP: 10/10 MP: 4/4
   250 | D:1      | Reached skill level 5 in Summonings
   258 | D:1      | Reached XP level 2. HP: 14/16 MP: 3/6
   269 | D:1      | Reached skill level 1 in Fighting
   479 | D:1      | Reached XP level 3. HP: 20/20 MP: 5/7
   588 | D:1      | Learned a level 2 spell: Call Imp
   592 | D:1      | Learned a level 3 spell: Call Canine Familiar
   973 | D:2      | Reached XP level 4. HP: 12/26 MP: 6/9
  1278 | D:2      | Found a runed translucent door.
  1279 | D:2      | Noticed Crazy Yiuf
  1303 | D:2      | Killed Crazy Yiuf
  1549 | D:2      | Noticed Natasha
  1563 | D:2      | Killed Natasha
  1564 | D:2      | Gained mutation: Your magical nature lets you fly swiftly
                  | and evasively. [Tengu growth]
  1564 | D:2      | Reached XP level 5. HP: 23/31 MP: 10/10
  1641 | D:2      | Noticed Jessica
  1649 | D:2      | Killed Jessica
  1650 | D:2      | Reached skill level 6 in Summonings
  2198 | D:2      | Noticed Natasha
  2455 | D:3      | Reached skill level 1 in Short Blades
  2455 | D:3      | Reached XP level 6. HP: 16/37 MP: 4/11
  2782 | D:3      | Learned a level 4 spell: Summon Ice Beast
  2785 | D:3      | Noticed Grinder
  2798 | D:3      | Killed Grinder
  2799 | D:3      | Reached XP level 7. HP: 32/42 MP: 6/12
  3283 | D:3      | Found a faded altar of an unknown god.
  3674 | D:4      | Reached skill level 7 in Summonings
  3679 | D:4      | Reached skill level 1 in Maces & Flails
  4274 | D:4      | Found a white marble altar of Elyvilon.
  4439 | D:5      | Entered Level 5 of the Dungeon
  4451 | D:5      | Reached XP level 8. HP: 18/48 MP: 7/13
  4560 | D:5      | Reached skill level 1 in Ice Magic
  5565 | D:5      | Reached skill level 5 in Fighting
  6313 | D:5      | Learned a level 4 spell: Airstrike
  6466 | D:6      | Reached skill level 1 in Polearms
  6578 | D:6      | Identified the +1 leather armour "Voufam" {Will+ Dex+4}
  6688 | D:6      | HP: 2/51 [gnoll/+0 spear[a gnoll shaman] (8)]
  7137 | D:6      | Reached XP level 9. HP: 46/55 MP: 10/17
  7296 | D:6      | Found Hefon's Armour Boutique.
  7448 | D:6      | Found Zefiehaj's Jewellery Emporium.
  7460 | D:6      | Reached skill level 5 in Spellcasting
  7705 | D:6      | Found a sacrificial altar of Ru.
  7754 | D:6      | Found a staircase to the Ecumenical Temple.
  7770 | Temple   | Entered the Ecumenical Temple
  7832 | Temple   | Became a worshipper of Yredelemnul the Dark
  8193 | D:7      | Slain by a gnoll sergeant

Illustrated notes

Levels and vault maps discovered:
D:1:      dpeg_arrival_tiny_j, layout_rooms
D:2:      layout_basic, grunt_ministairs_8, uniq_crazy_yiuf_cottage,
          uniq_jessica, uniq_natasha
D:3:      layout_rooms, basic_ecumenical_altar, uniq_grinder
D:4:      layout_rooms, mainiacjoe_overflow_cross_hatched, minmay_door_square
D:5:      layout_basic
D:6:      layout_cave_pools, nicolae_ru_great_annihilating_truth,
          minmay_temple_entry_trees, serial_demonic, serial_demonic_d,
          serial_demonic_d, serial_demonic_e, serial_demonic_a,
          serial_demonic_b, serial_demonic_d, serial_demonic_g,
          serial_demonic_c, serial_demonic_c, serial_demonic_f, serial_shops,
          shop, nicolae_shop_trees, hangedman_decor_peaks_small,
          grunt_ministairs_11
D:7:      layout_loops_cross, mainiacjoe_overflow_concentric_impassable,
          grunt_qazlal_clouds, serial_shops, nicolae_shop_crystal,
          minmay_misc_feat_secret_circle
Temple:   cyrus_circular_temple

Skill      XL: |  1  2  3  4  5  6  7  8  9 |
---------------+----------------------------+-----
Summonings     | 5 6 7 |  7.3
Fighting       | 1 2 3 4 6 |  6.8
Spellcasting   | 3 4 5 |  5.0
Short Blades   | 1 2 |  2.0
Stealth        | 3 4 |  4.0
Maces & Flails | 2 |  2.0
Ice Magic      | 3 4 |  4.5
Polearms       | 2 |  2.0
Dodging        | |  2.1
Invocations    | |  0.1

Action                   |  1- 3 |  4- 6 |  7- 9 || total
-------------------------+-------+-------+-------++-------
Melee: Dagger            |    35 |    63 |    86 ||   184
       Kick              |    11 |    17 |    53 ||    81
       Peck              |     2 |     9 |    45 ||    56
       Whip              |       |       |    76 ||    76
       Spear             |       |       |    23 ||    23
       Trident           |       |       |    35 ||    35
       Punch             |       |       |     1 ||     1
 Fire: Sling             |    11 |     4 |    10 ||    25
       Shortbow          |       |       |    10 ||    10
       Arbalest          |       |       |     5 ||     5
 Cast: Summon Small Mamm |    17 |     5 |     4 ||    26
       Call Imp          |     2 |    11 |    29 ||    42
       Call Canine Famil |       |     7 |    22 ||    29
  Use: Potion            |       |     1 |     2 ||     3
       Scroll            |       |     6 |     6 ||    12
 Stab: Sleeping          |       |     2 |     1 ||     3
       Distracted        |       |     1 |     7 ||     8
       Paralysed         |       |       |     1 ||     1
Armor: Robe              |     5 |    13 |       ||    18
       Leather armour    |       |       |    41 ||    41
       Ring mail         |       |       |     7 ||     7
Dodge: Dodged            |    16 |    50 |   177 ||   243

Table legend: (Time is in decaauts)
 A = Elapsed time spent in this place.
 B = Non-inter-level travel time spent in this place.
 C = Inter-level travel time spent in this place.
 D = Time resting spent in this place.
 E = Time spent auto-exploring this place.
 F = Levels seen in this place.
 G = Mean time per level.
                   A        B        C        D        E       F      G
               +--------+--------+--------+--------+--------+-----+--------+
         Total |   7890 |   7484 |    406 |   3393 |   2736 |   8 |  986.2 |
       Dungeon |   7821 |   7427 |    394 |   3393 |   2699 |   7 | 1117.3 |
        Temple |     68 |     57 |     11 |      0 |     37 |   1 |   68.0 |
               +--------+--------+--------+--------+--------+-----+--------+

Top non-repeatable levels by time:
     D:5: 1793 daAuts
     D:2: 1530 daAuts
     D:6: 1528 daAuts
     D:4: 1028 daAuts
     D:3: 924 daAuts
     D:1: 853 daAuts
     D:7: 162 daAuts
  Temple: 68 daAuts
